 Dungeon Crawl Stone Soup version 0.24.0-13-gcf9b319 (webtiles) character file.

Game seed: 5680054712978057844, levelgen mode: deterministic

26 Bronimir the Charmwright (level 3, 0/28 HPs)
             Began as a Barachi Skald on Apr 15, 2020.
             Slain by Sigmund
             ... wielding a +0 scythe
              (14 damage)
             ... on level 2 of the Dungeon.
             The game lasted 00:01:34 (1129 turns).

Bronimir the Charmwright (Barachi Skald)            Turns: 1129, Time: 00:01:34

Health: 0/28       AC:  3    Str: 13    XL:     3   Next: 8%
Magic:  5/6        EV: 12    Int: 13    God:
Gold:   28         SH:  0    Dex: 11    Spells: 5/6 levels left

rFire    . . .     SeeInvis .   h - +0 spear (pierce)
rCold    . . .     Gourm    .   (no shield)
rNeg     . . .     Faith    .   b - +0 leather armour
rPois    .         Spirit   .   (no helmet)
rElec    .         Reflect  .   (no cloak)
rCorr    .         Harm     .   (no gloves)
MR       .....                  (no boots)
Stlth    +.........             (no amulet)
HPRegen  0.09/turn              (no ring)
MPRegen  0.10/turn              (no ring)

@: infused, slow
A: +LOS, swims, slowness 1, strong legs 1
a: Hop


You were on level 2 of the Dungeon.
You were very hungry.

You visited 1 branch of the dungeon, and saw 2 of its levels.

You collected 28 gold pieces.

Inventory:

Hand Weapons
 a - a +0 hand axe
 h - a +0 spear of piercing (weapon)
Missiles
 e - 29 bolts
 f - 33 arrows
 i - 10 sling bullets
 k - 64 stones (quivered)
Armour
 b - a +0 leather armour (worn)
Scrolls
 g - a scroll of magic mapping {unknown}
 l - a scroll of teleportation {unknown}
 m - a scroll of fear {unknown}
 n - a scroll of enchant weapon {unknown}
 o - a scroll of fog {unknown}
 p - a scroll of remove curse {unknown}
Potions
 c - a potion of brilliance {unknown}
 q - a potion of curing {unknown}
Comestibles
 d - 4 rations


   Skills:
 + Level 2.9 Fighting
 + Level 2.2(2.3) Axes
 + Level 0.2(1.2) Polearms
 + Level 1.3 Armour
 + Level 2.3 Dodging
 + Level 2.2 Spellcasting
 + Level 4.0 Charms


You had 5 spell levels left.
You knew the following spells:

 Your Spells              Type           Power        Failure   Level  Hunger
a - Infusion              Chrm           ##..         6%          1    ##.....

Your spell library contained the following spells:

 Spells                   Type           Power        Failure   Level  Hunger
 Song of Slaying          Chrm           ##......     9%          2    ###....
 Shroud of Golubria       Chrm/Tloc      #.....       22%         2    ###....
 Regeneration             Chrm/Necr      #.........   38%         3    ####...
 Spectral Weapon          Hex/Chrm       #.......     38%         3    ####...


Dungeon Overview and Level Annotations

Branches:
Dungeon (2/15)

Altars:

Annotations:
D:2 Sigmund


Innate Abilities, Weirdness & Mutations

Shadows flee at your approach. (+LOS)
You can swim through water.
You cover ground slowly.
You can hop short distances.


Message History

Press: ? - help, Dir - move target cursor, f/p - Sigmund
Aim: Sigmund, wielding a +0 scythe and wearing a cursed +0 robe (moderately wounded)
You reach to attack!
You closely miss Sigmund.
Sigmund is moderately wounded.
Sigmund points at you and mumbles some strange words.
You resist with significant effort.
Attack whom?
Press: ? - help, Dir - move target cursor, f/p - Sigmund
Aim: Sigmund, wielding a +0 scythe and wearing a cursed +0 robe (moderately wounded)
You reach to attack!
You closely miss Sigmund.
Sigmund is moderately wounded.
Sigmund hits you but does no damage.
Attack whom?
Press: ? - help, Dir - move target cursor, f/p - Sigmund
Aim: Sigmund, wielding a +0 scythe and wearing a cursed +0 robe (moderately wounded)
You reach to attack!
You barely miss Sigmund.
Sigmund is moderately wounded.
Sigmund hits you from afar with a +0 scythe!
Ouch! That really hurt!
You die...

.... .# ... .#
#.. .. #.. .#
#.. .# #..#.###
# #......#
#.###<.#
#....@.#.#
####.....#
###@#####.#
#.........#
#.#%##(...#
#.#.......#
#(K.......##.###
##..........
#........##.#


You could see Sigmund.

Vanquished Creatures
  A worm (D:2)
  2 leopard geckos (D:1)
  A giant cockroach (D:1)
  4 hobgoblins (D:1)
  4 bats (D:1)
  4 frilled lizards (D:1)
  A goblin (D:1)
  3 kobolds (D:1)
  3 rats (D:1)
23 creatures vanquished.

Notes
Turn   | Place    | Note
-------+----------+-------------------------------------------
     0 | D:1      | Bronimir the Barachi Skald began the quest for the Orb.
     0 | D:1      | Reached XP level 1. HP: 17/17 MP: 3/3
   382 | D:1      | Reached XP level 2. HP: 23/23 MP: 5/5
   594 | D:1      | Reached skill level 4 in Charms
   982 | D:2      | Reached XP level 3. HP: 19/28 MP: 6/6
  1113 | D:2      | Noticed Sigmund
  1129 | D:2      | Slain by Sigmund

Levels and vault maps discovered:
D:1:      dpeg_arrival_shelter, layout_loops_ring, serial_bayou_ford_a
D:2:      layout_basic, first_ration, cheibriados_altar_1, uniq_sigmund

Skill      XL: |  1  2 |
---------------+-------+-----
Charms         | 4 |  4.0
Fighting       | |  2.9
Axes           | |  2.2
Polearms       | |  0.2
Armour         | |  1.3
Dodging        | |  2.3
Spellcasting   | |  2.2

Action                   || total
-------------------------++-------
Melee: Hand axe          ||     9
       Spear             ||    63
 Cast: Infusion          ||     1
Armor: Leather armour    ||    15
Dodge: Dodged            ||    39
